 Dungeon Crawl Stone Soup version 0.20-a0-1026-gc3ddcbd (webtiles) character file.

67 theAP the Ruffian (level 3, -6/36 HPs)
             Began as a Troll Fighter on Apr 20, 2017.
             Mangled by a goblin
             ... wielding a +0 club
             ... led by Robin
              (10 damage)
             ... on level 2 of the Dungeon.
             The game lasted 00:01:51 (722 turns).

theAP the Ruffian (Troll Fighter)                    Turns: 722, Time: 00:01:52

Health: -6/36      AC:  5    Str: 29    XL:     3   Next: 98%
Magic:  2/2        EV:  8    Int:  4    God:
Gold:   82         SH:  9    Dex: 10    Spells: 2/2 levels left

rFire    . . .     SeeInvis .     - Unarmed
rCold    . . .     Gourm    +   b - +0 shield
rNeg     . . .     Faith    .   a - +0 robe
rPois    .         Spirit   .   (helmet restricted)
rElec    .         Reflect  .   (no cloak)
rCorr    .         Harm     .   (gloves unavailable)
MR       .....                  (boots unavailable)
Stlth    ..........             (no amulet)
Regen    0.6/turn               j - ring of loudness (curse)
MPRegen  0.1/turn               (no ring)

@: mighty
A: unfitting armour, claws 3, fast metabolism 3, gourmand, regeneration 1,
shaggy fur 1, tough skin 2
a: no special abilities


You were on level 2 of the Dungeon.
You were very full.

You visited 1 branch of the dungeon, and saw 2 of its levels.

You collected 82 gold pieces.

Inventory:

Armour
 a - a +0 robe (worn)
 b - a +0 shield (worn)
Jewellery
 j - a cursed ring of loudness (left claw)
Scrolls
 g - a scroll of identify
Comestibles
 d - 2 bread rations
 f - a meat ration
 i - 5 fruits


   Skills:
 + Level 2.6 Fighting
 - Level 2.4 Dodging
 + Level 3.0 Shields
 * Level 3.5 Unarmed Combat


You had 2 spell levels left.
You didn't know any spells.

Dungeon Overview and Level Annotations

Branches:
Dungeon (2/15)

Altars:

Annotations:
D:2 Robin


Innate Abilities, Weirdness & Mutations

You are too large for most types of armour.
You have claws for hands.
Your metabolism is lightning-fast.
You like to eat raw meat.
Your natural rate of healing is unusually fast.
You are covered in fur. (AC +1)
You have very tough skin. (AC +2)


Message History

You are too injured to fight recklessly!
Unknown command.
You are too injured to fight recklessly!
You closely miss the goblin.
The hobgoblin no longer looks unusually strong.
You block the goblin's attack.
The goblin hits you but does no damage. x2
You block the goblin's attack.
You mangle the goblin!!
You kill the goblin!
Robin throws the goblin at you!
The goblin hits you but does no damage. x2
The goblin hits you with a club.
* * * LOW HITPOINT WARNING * * *
The goblin hits you with a club.
* * * LOW HITPOINT WARNING * * *
You claw the goblin!
You kill the goblin!
The goblin hits you but does no damage. The goblin hits you with a club.
* * * LOW HITPOINT WARNING * * *
The goblin hits you with a club!
You die...

#.#,*,#.#....# * ##.#,*,#.#....#
* #..#,*,..#....# *
#..#.#####....# * #..#..........#
**********
#..#.#####.#.##****,,,,,,,,,
#..#,*,,,#.#...,,,,,,,******
#..#,*,*,#g########.*,******
#..#,*,*,#)@ggg.....,,,,,,** ##
#..#,,,*,#g##g>.....*,***,**
.#####..#####,#g?,.......*,* *,,,
..............#..,...#...*,******
..#####.#####.#..#.#.#,..*,,,,,,,
..# *.#,,,*,#..#.#..,,.*,******
..#####.#,*,*,#..#.#*##***,*
........#,*,*,#.,,..,,,,,,,******
######..#,*,,,*,,,,,,,,,,,,,,,,,,


You could see Robin, a hobgoblin and 5 goblins.

Vanquished Creatures
  An adder (D:2)
  An ooze (D:1)
  A worm (D:2)
  A dart slug (D:1)
  6 leopard geckos
  4 giant cockroaches
  6 goblins
  2 hobgoblins (D:1)
  3 kobolds
  10 bats
  3 frilled lizards
  3 rats
41 creatures vanquished.

Notes
Turn   | Place    | Note
-------+----------+-------------------------------------------
     0 | D:1      | theAP the Troll Fighter began the quest for the Orb.
     0 | D:1      | Reached XP level 1. HP: 22/22 MP: 0/0
    68 | D:1      | Reached XP level 2. HP: 18/29 MP: 1/1
   236 | D:1      | Reached XP level 3. HP: 36/36 MP: 2/2
   706 | D:2      | Noticed Robin
   722 | D:2      | Mangled by a goblin

Vault maps used:
D:1:      dpeg_arrival_concentric_ovals
D:2:      roderic_lattice_a, uniq_robin

Skill      XL: |  1  2  3 |
---------------+----------+-----
Unarmed Combat | 3 |  3.5
Shields        | 3 |  3.0
Fighting       | |  2.6
Dodging        | |  2.4

Action                   || total
-------------------------++-------
Melee: Unarmed           ||   102
  Use: Scroll            ||     3
       Potion            ||     2
  Eat: Chunk             ||    10
Armor: Robe              ||    52
Dodge: Dodged            ||    39
Block: Shield            ||    58
